 Dungeon Crawl Stone Soup version 0.30-a0-1104-g706747fef1 (webtiles) character file.

Game seed: 9139841542890501459

14979 CryoSword the Cleaver (level 11, 0/86 HPs)
             Began as a Demonspawn Fighter on Apr 18, 2023.
             Was a High Priest of Okawaru.
             Slain by an orange demon (11 damage)
             ... summoned by a kobold demonologist
             ... on level 11 of the Dungeon.
             The game lasted 00:17:37 (11289 turns).

CryoSword the Cleaver (Demonspawn Fighter)         Turns: 11289, Time: 00:17:38

Health: 0/86       AC: 19    Str: 18    XL:     11   Next: 95%
Magic:  26/26      EV:  9    Int: 24    God:    Okawaru [*****.]
Gold:   480        SH:  5    Dex: 14    Spells: 12/18 levels left

rFire   . . .      SeeInvis +    w - +9 broad axe "Huigrokh" {freeze, *Slow rN+ Int+3 Dex+2}
rCold   + . .      Faith    .    c - +0 buckler
rNeg    + . .      Spirit   .    n - +7 Kryia's mail coat {PotionHeal*2 rC+}
rPois   .          Reflect  .    F - +1 helmet {SInv}
rElec   .          Rampage  .    h - scarf {repulsion}
rCorr   .                        D - +0 pair of gloves
Will    .....                    f - +1 pair of boots Stlth
                                 (no amulet)
HPRegen 0.34/turn                N - +6 ring of intelligence
MPRegen 0.20/turn                o - ring of magical power

@: spiked, repel missiles
A: claws 2, spiny 3, big brain 1, demonic magic 1
a: Renounce Religion, Heroism, Finesse, Duel


You were on level 11 of the Dungeon.
You worshipped Okawaru.
Okawaru was extremely pleased with you.
You visited 2 branches of the dungeon, and saw 12 of its levels.

You collected 746 gold pieces.
You spent 266 gold pieces at shops.

Inventory:

Hand Weapons
 w - the +9 broad axe "Huigrokh" (weapon) {freeze, *Slow rN+ Int+3 Dex+2}
   (You acquired it on level 7 of the Dungeon)

   Int:       It affects your intelligence (+3).
   Dex:       It affects your dexterity (+2).
   rN:        It protects you from negative energy.
   *Slow:     It may slow you when you take damage.
 M - a +2 executioner's axe of venom
   (Okawaru gifted it to you on level 9 of the Dungeon)
Missiles
 r - 33 poisoned darts
 H - 2 throwing nets
 J - 3 curare-tipped darts
Armour
 c - a +0 buckler (worn)
 f - a +1 pair of boots (worn)
   (You found it on level 1 of the Dungeon)
 h - a scarf of repulsion (worn)
   (You found it on level 3 of the Dungeon)
 n - the +7 Kryia's mail coat (worn) {PotionHeal*2 rC+}
   (You found it on level 2 of the Dungeon)

   PotionHeal*2: Potions heal its wearer twice as much.
   rC:        It protects you from cold.
 v - the +0 helmet "Migoawk" {rC+}
   (Okawaru gifted it to you on level 10 of the Dungeon)

   rC:        It protects you from cold.
 z - +0 swamp dragon scales
   (You took it off Maggie on level 6 of the Dungeon)
 D - a +0 pair of gloves (worn)
   (You found it on level 7 of the Dungeon)
 F - a +1 helmet of see invisible (worn)
   (You acquired it on level 10 of the Dungeon)
Jewellery
 m - a ring of fire
   (You found it on level 2 of the Dungeon)
 o - a ring of magical power (right hand)
   (You acquired it on level 7 of the Dungeon)
 C - a ring of magical power
   (You found it on level 11 of the Dungeon)
 N - a +6 ring of intelligence (left hand)
   (You found it on level 10 of the Dungeon)
Wands
 t - a wand of paralysis (20)
   (You found it on level 5 of the Dungeon)
 G - a wand of mindburst (1) (quivered)
   (You found it on level 4 of the Dungeon)
 O - a wand of flame (1)
   (You found it on level 9 of the Dungeon)
Scrolls
 b - 3 scrolls of fear
 g - 2 scrolls of enchant weapon
 k - a scroll of summoning {unknown}
 l - 7 scrolls of teleportation {@r4}
 q - 4 scrolls of blinking
 u - 2 scrolls of noise {unknown}
 y - a scroll of torment {unknown}
 A - 3 scrolls of amnesia
 I - a scroll of acquirement
 K - a scroll of fog {unknown}
 Q - 2 scrolls of magic mapping {unknown}
Potions
 a - 2 potions of degeneration {unknown}
 d - 4 potions of might
 e - 2 potions of cancellation
 i - 7 potions of curing {@q1}
 j - 3 potions of attraction {!q}
 p - 2 potions of flight
 s - 2 potions of brilliance
 x - 4 potions of heal wounds {unknown}
 B - a potion of magic
 E - 2 potions of berserk rage
 L - a potion of invisibility {unknown}
 P - a potion of ambrosia {unknown}


   Skills:
 * Level 7.8 Fighting
 + Level 11.2 Axes
 * Level 4.4 Armour
 * Level 3.9 Shields
 - Level 4.0 Spellcasting
 * Level 6.9 Conjurations
 * Level 3.3 Translocations
 * Level 3.4 Air Magic
 * Level 6.3 Earth Magic
 - Level 4.1 Invocations


You had 12 spell levels left.
You knew the following spells:

 Your Spells              Type           Power      Damage    Failure   Level
a - Stone Arrow           Conj/Erth      72%        3d11      8%          3
b - Vhi's Electric Charg  Tloc/Air       42%        N/A       28%         3

Your spell library contained the following spells:

 Spells                   Type           Power      Damage    Failure   Level
 Sandblast                Erth           70%        2d15      2%          1
 Static Discharge         Conj/Air       58%        2-5/arc   7%          2
 Apportation              Tloc           40%        N/A       10%         1
 Passwall                 Tmut/Erth      16%        N/A       16%         2
 Hailstorm                Conj/Ice       21%        3d6       28%         3
 Freeze                   Ice            16%        1d4       36%         1
 Necrotise                Necr           16%        1d4       36%         1
 Portal Projectile        Hex/Tloc       24%        N/A       50%         3
 Airstrike                Air            10%        2d(2-18)  67%         4
 Frozen Ramparts          Ice            8%         1d2       75%         3
 Arcjolt                  Conj/Air       14%        1d24      77%         5
 Blade Hands              Tmut           2%         N/A       100%        5
 Plasma Beam              Fire/Air       6%         2x1d18    100%        6
 Lehudib's Crystal Spear  Conj/Erth      18%        10d5      100%        8
 Summon Small Mammal      Summ           Unusable   N/A       N/A         1
 Animate Armour           Summ/Erth      Unusable   N/A       N/A         4
 Tukima's Dance           Hex            Unusable   N/A       N/A         3
 Summon Lightning Spire   Summ/Air       Unusable   N/A       N/A         4

Dungeon Overview and Level Annotations

Branches:
Dungeon (11/15)            Temple (1/1) D:5            Lair (0/5) D:11
    Orc (0/2) D:9

Altars:
Ashenzari
Cheibriados
Dithmenos
Fedhas
Gozag
Hepliaklqana
Kikubaaqudgha
Makhleb
Nemelex Xobeh
Okawaru
Qazlal
Ru
Sif Muna
Trog
Uskayaw
Vehumet
Wu Jian
Xom
Yredelemnul

Shops:
D:5 *   D:10 *


Innate Abilities, Weirdness & Mutations

You have very sharp fingernails.
You are completely covered in sharp spines.
You have an unusually large brain. (Int +2)
Spells you cast may paralyse adjacent enemies.


Message History

A cyclops is nearby!
A cyclops is nearby!
A cyclops is nearby!
You slash the cyclops! You freeze the cyclops.
The cyclops is struck by your spines. The cyclops completely misses you.
You slash the cyclops! You freeze the cyclops. You hit the cyclops.
You freeze the cyclops. You block the cyclops's attack.
You hit the cyclops but do no damage. The cyclops is struck by your spines.
The cyclops hits you.
You slash the cyclops! You freeze the cyclops.
You kill the cyclops!
Okawaru accepts your kill.
You see here 4 large rocks.
There is an open door here.
You enter the shallow water.
Moving in this stuff is going to be slow.
A kobold comes into view. It is wielding a +0 whip.
A kobold is nearby!
A kobold is nearby!
You enter the shallow water.
Moving in this stuff is going to be slow.
The kobold shouts!
A kobold brigand comes into view.
It is wielding a +0 short sword and quivering poisoned darts.
A kobold demonologist comes into view. It is wielding a +0 dagger.
Found a stone staircase leading up.
The kobold brigand shouts!
The kobold demonologist looks encouraged for a moment.
The kobold splashes around in the water.
You slash the kobold! You freeze the kobold.
You kill the kobold!
You hear a splash.
The kobold demonologist gestures wildly while chanting.
The kobold demonologist mumbles some strange words.
Things that are here:
a +0 whip; a kobold corpse Your unstable footing causes you to fumble your attack.
The kobold brigand is struck by your spines.
The kobold brigand hits you but does no damage.
Your unstable footing causes you to fumble your attack.
The kobold brigand barely misses you.
You barely miss the kobold brigand. You slash the iron imp!
A kobold comes into view. It is wielding a +0 dagger of speed.
The kobold brigand is struck by your spines.
The kobold brigand hits you with a +0 short sword.
The red devil completely misses you.
The kobold shouts!
You hit the iron imp.
You kill the iron imp!
The iron imp disappears in a puff of smoke!
You slash the kobold brigand! You freeze the kobold brigand.
You kill the kobold brigand!
Okawaru accepts your kill.
You hear a splash. x2
The white imp gestures at you. The puff of frost hits you. You resist.
The kobold demonologist gestures wildly while chanting.
The red devil hits you from afar with a +0 trident.
Barbed spikes become lodged in your body.
A kobold comes into view. It is wielding a +0 club.
You block the crimson imp's attack.
The barbs in your skin will harm you if you move.
Continue?
The barbed spikes dig painfully into your body as you move.
The kobold shouts!
The kobold demonologist casts a spell.
The red devil hits you with a +0 trident!
Barbed spikes become lodged in your body.
You block the crimson imp's attack. The white imp gestures at you.
The puff of frost hits you but does no damage.
The kobold demonologist casts a cantrip, but nothing happens.
The red devil hits you with a +0 trident!
Barbed spikes become lodged in your body.
Things that are here:
a +0 short sword; 5 poisoned darts The crimson imp attacks as you move away!
The crimson imp closely misses you.
The barbed spikes dig painfully into your body as you move.
The white imp is struck by your spines.
You kill the white imp!
The white imp disappears in a puff of smoke!
The crimson imp blinks!
The kobold demonologist is struck by your spines.
The kobold demonologist hits you with a +0 dagger.
* * * LOW HITPOINT WARNING * * *
The red devil hits you with a +0 trident.
* * * LOW HITPOINT WARNING * * *
Barbed spikes become lodged in your body.
You block the kobold's attack.
The smoke demon hits you but does no damage.
The smoke demon closely misses you. The smoke demon barely misses you.
The kobold demonologist hits you but does no damage.
You hit the kobold demonologist. You freeze the kobold demonologist.
You hit the smoke demon. You freeze the smoke demon.
You closely miss the kobold. You slash the red devil! You freeze the red devil.
A kobold demonologist comes into view.
It is wielding a +1 dagger of holy wrath and wearing a +0 robe of resistance.
The red devil hits you with a +0 trident.
* * * LOW HITPOINT WARNING * * *
Barbed spikes become lodged in your body.
You block the kobold's attack. You block the smoke demon's attack.
The smoke demon hits you but does no damage. x2
The kobold demonologist is struck by your spines.
The kobold demonologist hits you but does no damage.
The kobold is struck by your spines.
You kill the kobold!
Okawaru accepts your kill.
You barely miss the kobold demonologist.
You closely miss the red devil.
The kobold demonologist shouts!
You hit the smoke demon but do no damage.
The red devil hits you with a +0 trident!
* * * LOW HITPOINT WARNING * * *
Barbed spikes become lodged in your body.
The smoke demon gestures at you. Something smites you!
* * * LOW HITPOINT WARNING * * *
You block the kobold demonologist's attack.
You slash the kobold demonologist! You freeze the kobold demonologist.
You slash the kobold! You freeze the kobold.
You kill the kobold!
You slash the red devil! You freeze the red devil!
You kill the red devil!
The red devil disappears in a puff of smoke!
You hit the smoke demon but do no damage.
The smoke demon hits you but does no damage. x2
You block the smoke demon's attack.
The kobold demonologist is struck by your spines.
You kill the kobold demonologist!
Okawaru accepts your kill.
The smoke demon disappears in a puff of smoke!
The crimson imp disappears in a puff of smoke!
The chaos spawn degenerates into a cloud of primal chaos!
The kobold demonologist gestures wildly while chanting.
Aim: a kobold demonologist, wielding a +1 dagger of holy wrath and wearing a +0 robe of resistance (chance to affect: 47%)
The kobold demonologist resists with some effort.
Aim: a kobold demonologist, wielding a +1 dagger of holy wrath and wearing a +0 robe of resistance (chance to affect: 47%)
The kobold demonologist resists with some effort.
Your unstable footing causes you to fumble your attack.
The kobold demonologist barely misses you.
The barbed spikes dig painfully into your body as you move.
* * * LOW HITPOINT WARNING * * *
The kobold demonologist barely misses you.
The orange demon stings you but does no damage.
You slash the kobold demonologist! You freeze the kobold demonologist.
The kobold demonologist looks satisfied for a moment.
The orange demon stings you from afar!
* * * LOW HITPOINT WARNING * * *
You closely miss the kobold demonologist.
The kobold demonologist casts a cantrip, but nothing happens.
The orange demon stings you from afar!
You die...

# ######. ....
.......#....########
.......#...........
.................'####
..).....~.~........<.#
...~....~.~.~.~4.....#
...~..~.~~.~.~~K)....#
...~~~.~.~~~~~.~@....# ....#
.....~≈~≈~≈≈≈))......# ..)#
.....~~~~~~~~≈~~~##### ...#
...~~≈~.÷.~.≈≈≈≈≈.... ...#
....≈≈≈....~~≈≈≈~...######..#
##.~≈~.~.>..~≈≈≈~...#<...#..+
..~..~......~≈≈≈~...#....#..#
....~~~....~≈≈≈≈~...#....'..#
....≈≈~.~.~~≈≈~~....######..+


You could see an orange demon (summoned) and a kobold demonologist.

Vanquished Creatures
  Josephine (D:9)
  Erolcha (D:9)
  3 two-headed ogres
  Nergalle (D:10)
  2 cyclopes
  2 kobold demonologists
  Maggie (D:6)
  An unseen horror zombie (D:8)
  3 trolls
  A hornet (D:8)
  Prince Ribbit (D:6)
  A shadow (D:11)
  6 wraiths
  3 yaks (D:10)
  Grum (D:9)
  A steam dragon (D:8)
  Menkaure (D:5)
  5 vampire mosquitoes (D:11)
  4 water moccasins
  Duvessa (D:5)
  An orc warrior (D:9)
  4 ice beasts
  3 sky beasts
  3 black bears
  4 ogres
  4 centaurs
  6 wolves
  5 kobold brigands
  4 bullfrogs (D:7)
  5 wyvern zombies (D:8)
  2 gnoll sergeants
  4 wights
  Dowan (D:5)
  9 killer bees
  3 howler monkeys (D:10)
  4 electric eels
  2 centaur zombies (D:8)
  A human zombie (D:8)
  A jelly (D:6)
  A gnoll bouda (D:7)
  8 hounds
  8 orc priests
  Crazy Yiuf (D:2)
  7 iguanas
  Ijyb (D:5)
  2 sleepcaps
  12 orc wizards
  A mummy (D:8)
  A howler monkey zombie (D:8)
  14 gnolls
  5 adders
  A shadow imp (D:6)
  An ufetubus (D:5)
  2 dart slugs
  42 orcs
  9 endoplasms
  10 giant cockroaches (D:2)
  4 goblins
  9 hobgoblins
  4 jackals (D:1)
  19 kobolds
  2 quokkas
  5 ball pythons
  7 bats
  2 frilled lizards (D:1)
  3 rats
287 creatures vanquished.

Notes
Turn   | Place    | Note
-------+----------+-------------------------------------------
     0 | D:1      | CryoSword the Demonspawn Fighter began the quest for the
                  | Orb.
     0 | D:1      | Reached XP level 1. HP: 18/18 MP: 1/1
   190 | D:1      | Reached skill level 2 in Axes
   206 | D:1      | Gained mutation: You have sharp fingernails. [demonic
                  | ancestry]
   206 | D:1      | Reached XP level 2. HP: 14/24 MP: 2/2
   464 | D:1      | Reached skill level 3 in Axes
   908 | D:2      | Gained mutation: You have very sharp fingernails. [demonic
                  | ancestry]
   908 | D:2      | Reached XP level 3. HP: 29/29 MP: 3/3
  1086 | D:2      | Found the +7 Kryia's mail coat {PotionHeal*2 rC+}
  1318 | D:2      | Gained mutation: Spells you cast may paralyse adjacent
                  | enemies. [demonic ancestry]
  1318 | D:2      | Reached XP level 4. HP: 35/35 MP: 4/4
  1365 | D:2      | Reached skill level 4 in Axes
  1789 | D:2      | Found a runed translucent door.
  1790 | D:2      | Noticed Crazy Yiuf
  2597 | D:2      | Paralysed by Crazy Yiuf for 5 turns
  2604 | D:2      | Killed Crazy Yiuf
  2774 | D:4      | Gained mutation: You are partially covered in sharp spines.
                  | [demonic ancestry]
  2774 | D:4      | Reached XP level 5. HP: 41/41 MP: 5/5
  2979 | D:4      | Reached skill level 5 in Axes
  3398 | D:4      | Noticed an ogre
  3401 | D:4      | Killed an ogre
  3402 | D:4      | Gained mutation: You are mostly covered in sharp spines.
                  | [demonic ancestry]
  3402 | D:4      | Reached XP level 6. HP: 47/47 MP: 6/6
  3460 | D:4      | Reached skill level 6 in Axes
  3813 | D:5      | Entered Level 5 of the Dungeon
  3831 | D:5      | Noticed Menkaure
  3833 | D:5      | Killed Menkaure
  3855 | D:5      | Found a staircase to the Ecumenical Temple.
  3866 | Temple   | Entered the Ecumenical Temple
  3888 | Temple   | Became a worshipper of Warmaster Okawaru
  3922 | D:5      | Found a bloodstained altar of Trog.
  3931 | D:5      | Reached skill level 7 in Axes
  3931 | D:5      | Gained mutation: You have an unusually large brain. (Int
                  | +2) [demonic ancestry]
  3931 | D:5      | Reached XP level 7. HP: 52/52 MP: 7/7
  3935 | D:5      | Noticed Duvessa
  3936 | D:5      | Noticed Dowan
  3956 | D:5      | Killed Duvessa
  4016 | D:5      | Killed Dowan
  4038 | D:5      | Found Veohiena's Serpentskin Sales.
  4046 | D:5      | Reached * piety under Okawaru
  4217 | D:5      | Noticed Ijyb
  4280 | D:5      | Killed Ijyb
  4281 | D:5      | Reached skill level 8 in Axes
  4405 | D:5      | Found an ornate altar of the Wu Jian Council.
  4568 | D:5      | Reached XP level 8. HP: 58/58 MP: 11/11
  4851 | D:6      | Noticed Prince Ribbit
  4871 | D:6      | Killed Prince Ribbit
  4871 | D:6      | Reached ** piety under Okawaru
  4872 | D:6      | Reached skill level 9 in Axes
  5205 | D:6      | Reached skill level 10 in Axes
  5370 | D:6      | Found a sparkling altar of Nemelex Xobeh.
  5380 | D:6      | Reached *** piety under Okawaru
  5395 | D:6      | Noticed Maggie
  5427 | D:6      | Killed Maggie
  5428 | D:6      | Reached skill level 1 in Conjurations
  5428 | D:6      | Reached skill level 1 in Earth Magic
  5428 | D:6      | Reached XP level 9. HP: 39/64 MP: 12/12
  5780 | D:6      | Reached skill level 1 in Spellcasting
  6092 | D:7      | Identified a scroll of acquirement
  6092 | D:7      | Acquired a ring of magical power
  6856 | D:7      | Reached **** piety under Okawaru
  6857 | D:7      | Reached skill level 5 in Fighting
  7035 | D:7      | Acquired the +9 broad axe "Huigrokh" {freeze, *Slow rN+
                  | Int+3 Dex+2}
  7200 | D:8      | Gained mutation: You are completely covered in sharp
                  | spines. [demonic ancestry]
  7200 | D:8      | Reached XP level 10. HP: 74/74 MP: 13/13
  7660 | D:8      | Reached ***** piety under Okawaru
  7668 | D:8      | Found a basalt altar of Yredelemnul.
  7998 | D:8      | Reached skill level 5 in Conjurations
  8148 | D:9      | Noticed Grum
  8271 | D:9      | Received a gift from Okawaru
  8279 | D:9      | Killed Grum
  8374 | D:9      | Noticed Erolcha
  8395 | D:9      | Killed Erolcha
  8396 | D:9      | Reached skill level 5 in Earth Magic
  8402 | D:9      | Learned a level 3 spell: Stone Arrow
  8406 | D:9      | Learned a level 3 spell: Vhi's Electric Charge
  8852 | D:9      | Reached skill level 11 in Axes
  9184 | D:9      | Found a staircase to the Orcish Mines.
  9202 | D:9      | Found a broken altar of Ashenzari.
  9424 | D:10     | Entered Level 10 of the Dungeon
  9424 | D:10     | Noticed Josephine
  9431 | D:9      | Reached skill level 1 in Translocations
  9431 | D:9      | Reached skill level 1 in Air Magic
  9433 | D:9      | Killed Josephine
  9434 | D:9      | Reached XP level 11. HP: 43/84 MP: 16/16
  9619 | D:10     | Acquired a +0 helmet of see invisible
  9998 | D:10     | Noticed Nergalle
 10008 | D:10     | Noticed a spectral orc warlord
 10010 | D:10     | Killed Nergalle
 10152 | D:10     | Noticed a two-headed ogre
 10158 | D:10     | Killed a two-headed ogre
 10163 | D:10     | Identified the +0 helmet "Migoawk" {rC+} (Okawaru gifted it
                  | to you on level 10 of the Dungeon)
 10163 | D:10     | Received a gift from Okawaru
 10192 | D:10     | Found Efiem's General Store.
 10534 | D:10     | Bought a scroll of blinking for 97 gold pieces
 10534 | D:10     | Bought a potion of berserk rage for 65 gold pieces
 10534 | D:10     | Bought a potion of cancellation for 104 gold pieces
 10858 | D:11     | Identified the +2 cloak of Immorality {Harm rPois Dex+3
                  | Slay-6}
 10865 | D:11     | Found a staircase to the Lair.
 10921 | D:11     | Noticed a two-headed ogre
 10929 | D:11     | Killed a two-headed ogre
 10970 | D:11     | Noticed a two-headed ogre
 10975 | D:11     | Killed a two-headed ogre
 11289 | D:11     | Slain by an orange demon

Illustrated notes

Levels and vault maps discovered:
D:1:      dpeg_arrival_water_fire, layout_basic, chequers_serial_rivers_micro_b
D:2:      minmay_roachtagon, layout_basic, serial_park_tiny_1,
          grunt_ministairs_7, nicolae_titane, uniq_crazy_yiuf_cottage
D:3:      layout_basic, minmay_stone_trees_small
D:4:      layout_basic, mainiacjoe_overflow_surrounded_room,
          minmay_misc_feat_nine_boxes, minmay_cupped
D:5:      layout_basic, overflow_temple_1_default,
          pdpol_wu_jian_five_deadly_venoms, marbit_many_paths,
          minmay_temple_entry_glassed_door, guppyfry_shop_venom, uniq_duvessa,
          uniq_menkaure, uniq_ijyb
D:6:      layout_basic, mainiacjoe_overflow_six_doors_small, uniq_maggie,
          uniq_prince_ribbit1
D:7:      kb_forest_paths, layout_basic
D:8:      layout_gridville, lemuel_mausoleum_altar_yredelemnul,
          palyth_stone_intersect, minmay_misc_feat_diagonals
D:9:      nicolae_hitomezashi [nicolae_hito_row, nicolae_hito_row,
          nicolae_hito_row, nicolae_hito_row, nicolae_hito_row,
          nicolae_hito_row, nicolae_hito_row, nicolae_hito_row,
          nicolae_hito_row, nicolae_hito_row, nicolae_hito_row,
          nicolae_hito_row, nicolae_hito_row, nicolae_hito_row,
          nicolae_hito_row, nicolae_hito_row, nicolae_hito_row,
          nicolae_hito_row], layout_grid_maze, kennysheep_mini_moat,
          orc_0_dummy, serial_bayou_lagoon_b, uniq_erolcha, uniq_grum
D:10:     layout_small_grid, serial_shops, nicolae_inconvenience_store,
          uniq_nergalle, uniq_josephine
D:11:     layout_irregular_city, erik_lair_island
Temple:   hellmonk_temple_two_chambers

Skill      XL: |  1  2  3  4  5  6  7  8  9 10 11 |
---------------+----------------------------------+-----
Axes           | 2 3 4 5 7 8 10 11 | 11.2
Invocations    | 4 |  4.1
Conjurations   | 1 4 6 |  6.9
Earth Magic    | 1 3 5 6 |  6.3
Spellcasting   | 2 3 4 |  4.0
Fighting       | 5 7 |  7.8
Translocations | 1 3 |  3.3
Air Magic      | 1 3 |  3.4
Armour         | 3 4 |  4.4
Shields        | 3 |  3.9

Action                     |  1- 3 |  4- 6 |  7- 9 | 10-12 || total
---------------------------+-------+-------+-------+-------++-------
  Melee: War axe           |    93 |   101 |    87 |       ||   281
         Unarmed           |       |       |    20 |       ||    20
         Hand axe          |       |       |   297 |       ||   297
         Broad axe         |       |       |    10 |   209 ||   219
  Throw: Dart              |       |       |     4 |     1 ||     5
         Throwing net      |       |       |       |     2 ||     2
   Cast: Stone Arrow       |       |       |       |    11 ||    11
 Invoke: Heroism           |       |       |     2 |     2 ||     4
  Evoke: Wand              |       |     5 |     6 |     7 ||    18
    Use: Scroll            |       |     3 |     4 |     8 ||    15
         Potion            |       |     1 |     2 |       ||     3
   Stab: Paralysed         |       |       |     1 |       ||     1
 Armour: Scale mail        |    55 |    58 |   192 |   113 ||   418
  Dodge: Dodged            |    62 |    37 |   118 |    95 ||   312
         Repelled          |       |     2 |     2 |       ||     4
  Block: Buckler           |    34 |    26 |    76 |    61 ||   197

Table legend: (Time is in decaauts)
 A = Elapsed time spent in this place.
 B = Non-inter-level travel time spent in this place.
 C = Inter-level travel time spent in this place.
 D = Time resting spent in this place.
 E = Time spent auto-exploring this place.
 F = Levels seen in this place.
 G = Mean time per level.
                   A        B        C        D        E       F      G
               +--------+--------+--------+--------+--------+-----+--------+
         Total |  11333 |  10744 |    589 |    471 |   8368 |  12 |  944.4 |
       Dungeon |  11304 |  10720 |    584 |    471 |   8358 |  11 | 1027.6 |
        Temple |     28 |     23 |      5 |      0 |     10 |   1 |   28.0 |
               +--------+--------+--------+--------+--------+-----+--------+

Top non-repeatable levels by time:
     D:9: 1337 daAuts
     D:7: 1285 daAuts
     D:2: 1268 daAuts
     D:6: 1119 daAuts
     D:4: 1080 daAuts
     D:8: 1062 daAuts
    D:10: 1027 daAuts
     D:1: 919 daAuts
     D:5: 896 daAuts
    D:11: 695 daAuts
     D:3: 611 daAuts
  Temple: 28 daAuts
